 Dungeon Crawl Stone Soup version 0.26-a0-651-gb41185065b (webtiles) character file.

Game seed: 2799734263741275620

242 Lanoc the Shooter (level 6, 0/52 HPs)
             Began as a Hill Orc Hunter on Oct 11, 2020.
             Succumbed to an adder's poison
             ... on level 3 of the Dungeon.
             The game lasted 00:05:45 (4268 turns).

Lanoc the Shooter (Hill Orc Hunter)                 Turns: 4268, Time: 00:05:45

Health: 0/52       AC:  3    Str: 14 (15) XL:     6   Next: 9%
Magic:  6/6        EV: 12    Int: 10 (11) God:
Gold:   190        SH:  0    Dex: 13      Spells: 5/5 levels left

rFire    . . .     SeeInvis .   a - +1 shortbow
rCold    . . .     Faith    .   (shield currently unavailable)
rNeg     . . .     Spirit   .   c - +0 leather armour
rPois    .         Reflect  .   (no helmet)
rElec    .         Harm     .   (no cloak)
rCorr    .         Rampage  .   (no gloves)
MR       +....                  (no boots)
Stlth    +.........             (no amulet)
HPRegen  0.17/turn              o - ring of protection from magic
MPRegen  0.10/turn              (no ring)

@: brilliant, lethally poisoned (0 -> -9)
A: no striking features
a: no special abilities


You were on level 3 of the Dungeon.
You visited 1 branch of the dungeon, and saw 4 of its levels.

You collected 190 gold pieces.

Inventory:

Hand Weapons
 a - a +1 shortbow (weapon)
 b - a +2 falchion of holy wrath
Missiles
 d - 10 arrows (quivered)
Armour
 c - a +0 leather armour (worn)
 h - a +0 crystal plate armour
Jewellery
 o - a ring of protection from magic (left hand)
Scrolls
 e - a scroll of remove curse {unknown}
 f - a scroll of magic mapping {unknown}
 g - 6 scrolls of identify {unknown}
 i - 2 scrolls of fear {unknown}
 j - a scroll of fog {unknown}
 l - a scroll of amnesia {unknown}
Potions
 k - a potion of degeneration


   Skills:
 + Level 4.2 Fighting
 * Level 5.2 Bows
 + Level 2.8 Dodging
 - Level 0.7 Stealth


You had 5 spell levels left.
You didn't know any spells.
Your spell library contained the following spells:

 Spells                   Type           Power        Failure   Level
 Animate Skeleton         Necr           #.....       43%         1
 Apportation              Tloc           #.....       43%         1
 Corona                   Hex            #......      43%         1
 Summon Small Mammal      Summ           #...         43%         1
 Confusing Touch          Hex            #.......     82%         3
 Gell's Gravitas          Tloc           #.........   82%         3
 Petrify                  Tmut/Erth      #.......     99%         4
 Metabolic Englaciation   Hex/Ice        #.........   100%        5
 Yara's Violent Unravell  Hex/Tmut       #.........   100%        5


Dungeon Overview and Level Annotations

Branches:
Dungeon (4/15)
 Temple: D:4-7

Altars:
Gozag

Annotations:
D:4 Duvessa


Message History

You kill the kobold!
You feel sick. The adder bites you.
* * * LOW HITPOINT WARNING * * *
The adder bites you.
* * * LOW HITPOINT WARNING * * *
You are more poisoned.
The adder poisons you!
Firing (i - inventory)
d - 12 arrows (quivered)
Press: ? - help, Shift-Dir - straight line, f/p - adder
Aim: an adder (heavily wounded)
You shoot an arrow. The arrow hits the adder.
The adder is almost dead.
* * * LOW HITPOINT WARNING * * *
You feel sick. The adder closely misses you.
Firing (i - inventory)
d - 11 arrows (quivered)
Press: ? - help, Shift-Dir - straight line, f/p - adder
Aim: an adder (almost dead)
You shoot an arrow. The arrow hits the adder.
You kill the adder!
You die...

#..###.###.$..
#..+.._###.#
#..###.###.# #..#
#.# #..###'###
#.....ยง.....#
###.#####S#####
#######....#####.#
#...S(@.#
#..).######
#...#####
#..........
##...###
##.(.##.####
#8...)8#
#8....8###
##.....## #.....##
##...S.###.....##
##...........##
#8....((...8#
###.......###


You could see an adder.

Vanquished Creatures
  An orc priest (D:2)
  7 gnolls
  5 adders
  5 worms
  3 dart slugs
  5 leopard geckos
  2 orcs (D:3)
  A ball python (D:1)
  5 bats
  2 giant cockroaches (D:2)
  4 goblins
  9 hobgoblins
  A jackal (D:2)
  15 kobolds
  A quokka (D:2)
  6 frilled lizards
  6 rats
78 creatures vanquished.

Notes
Turn   | Place    | Note
-------+----------+-------------------------------------------
     0 | D:1      | Lanoc the Hill Orc Hunter began the quest for the Orb.
     0 | D:1      | Reached XP level 1. HP: 18/18 MP: 1/1
   219 | D:1      | Reached XP level 2. HP: 15/25 MP: 2/2
   689 | D:1      | Reached skill level 4 in Bows
   923 | D:2      | Reached XP level 3. HP: 30/30 MP: 3/3
  1525 | D:4      | Reached XP level 4. HP: 34/38 MP: 4/4
  1804 | D:4      | Noticed Duvessa
  2619 | D:2      | Reached XP level 5. HP: 13/46 MP: 5/5
  3423 | D:2      | Reached skill level 5 in Bows
  3617 | D:2      | HP: 2/46 [gnoll/+0 whip (6)]
  4015 | D:3      | Reached XP level 6. HP: 38/52 MP: 6/6
  4226 | D:3      | Found an opulent altar of Gozag.
  4266 | D:3      | HP: 2/52 [adder (2)]
  4268 | D:3      | Succumbed to an adder's poison

Illustrated notes

Levels and vault maps discovered:
D:1:      sevenhm_arrival_forest_fort_large_1, layout_rooms,
          minmay_misc_feat_room, dk_noncrumbling_2, grunt_decor_cap
D:2:      minmay_skewed_foursquare, layout_loops_cross
D:3:      layout_rooms, lemuel_doored_altar, lemuel_crystal_altar,
          serial_corexii_hall, chequers_hall_statues_wall_a,
          chequers_hall_statues_y, corexii_hall_statues_l
D:4:      layout_rooms, gammafunk_temple_overflow_elements,
          grunt_ashenzari_visionary [grunt_ashenzari_visionary_shoals,
          grunt_ashenzari_visionary_spider], uniq_duvessa

Skill      XL: |  1  2  3  4  5 |
---------------+----------------+-----
Bows           | 4 5 |  5.2
Dodging        | 2 |  2.8
Fighting       | 3 4 |  4.2
Stealth        | |  0.7

Action                   |  1- 3 |  4- 6 || total
-------------------------+-------+-------++-------
Melee: Short sword       |   107 |    46 ||   153
       Falchion          |       |   114 ||   114
 Fire: Shortbow          |    19 |    43 ||    62
  Use: Potion            |     2 |     5 ||     7
 Stab: Sleeping          |     1 |       ||     1
       Distracted        |       |     1 ||     1
Armor: Leather armour    |    36 |    37 ||    73
Dodge: Dodged            |    86 |   146 ||   232
       Rpst.: Falchion   |       |    28 ||    28

Table legend: (Time is in decaauts)
 A = Elapsed time spent in this place.
 B = Non-inter-level travel time spent in this place.
 C = Inter-level travel time spent in this place.
 D = Time resting spent in this place.
 E = Time spent auto-exploring this place.
 F = Levels seen in this place.
 G = Mean time per level.
                   A        B        C        D        E       F      G
               +--------+--------+--------+--------+--------+-----+--------+
         Total |   4319 |   4261 |     58 |    696 |   2826 |   4 | 1079.8 |
       Dungeon |   4319 |   4261 |     58 |    696 |   2826 |   4 | 1079.8 |
               +--------+--------+--------+--------+--------+-----+--------+

Top non-repeatable levels by time:
     D:2: 1844 daAuts
     D:1: 1109 daAuts
     D:3: 1044 daAuts
     D:4: 322 daAuts
